 Dungeon Crawl Stone Soup version 0.28.0-43-g3370ac3207 (webtiles) character file.

Game seed: 3087221635889517895

112771 GreyFruit the Fighter (level 16, -11/147 HPs)
             Began as a Red Draconian Conjurer on Mar 6, 2022.
             Was a Follower of Ashenzari.
             Mangled by a +2 flail of protection (15 damage)
             ... on level 2 of the Elven Halls on Mar 7, 2022.
             The game lasted 02:07:05 (36344 turns).

GreyFruit the Fighter (Red Draconian Conjurer)     Turns: 36344, Time: 02:07:06

Health: -11/147    AC: 18    Str: 10    XL:     16   Next: 12%
Magic:  0/39       EV: 24    Int: 27    God:    Ashenzari [*.....]
Gold:   1937       SH:  0    Dex: 12    Spells: 14/36 levels left

rFire   + . .      SeeInvis .   e - +8 autumn katana {vorpal, manifold assault, Bglg, Melee} (curse)
rCold   . . .      Faith    .   (no shield)
rNeg    . . .      Spirit   +   (armour unavailable)
rPois   .          Reflect  .   r - +2 hat {Int+3}
rElec   .          Harm     .   h - +1 cloak of Starlight {*Dazzle EV+4 Stlth--, Elem, Bglg} (curse)
rCorr   .          Rampage  .   V - +1 pair of gloves
Will    +....                   I - +2 pair of boots
Stlth   ..........              S - amulet of guardian spirit
HPRegen 0.34/turn               f - +4 ring of evasion
MPRegen 0.26/turn               w - ring of magical power

@: mighty
A: breathe fire, AC +9, unfitting armour, fire resistance 1, cold-blooded
a: Breathe Fire, Renounce Religion, Curse Item, Shatter the Chains


You were on level 2 of the Elven Halls.
You worshipped Ashenzari.
Ashenzari was aware of your devotion.
You visited 5 branches of the dungeon, and saw 26 of its levels.
You visited the Abyss 1 time.

You collected 2641 gold pieces.
You spent 704 gold pieces at shops.

Inventory:

Hand Weapons
 e - the cursed +8 autumn katana (weapon) {vorpal, manifold assault, Bglg, Melee}
   (You found it on level 12 of the Dungeon)

   It sometimes launches melee attacks against multiple visible enemies.
   It has a curse which improves the following skills: Beguiling: Conjurations,
   Hexes and Translocations.
   Melee Combat: Short Blades, Long Blades, Axes, Maces & Flails, Polearms,
   Staves and Unarmed Combat.
Armour
 b - a +0 tower shield
 h - the cursed +1 cloak of Starlight (worn) {*Dazzle EV+4 Stlth--, Elem, Bglg}
   (You bought it in a shop on level 2 of the Orcish Mines)

   It may blind those who miss an attack against the wearer in melee combat.
   EV:        It affects your evasion (+4).
   Stlth:     It makes you much less stealthy.
   It has a curse which improves the following skills: Elements: Fire Magic, Ice
   Magic, Air Magic and Earth Magic.
   Beguiling: Conjurations, Hexes and Translocations.
 r - a +2 hat of intelligence (worn)
 I - a +2 pair of boots (worn)
 V - a +1 pair of gloves (worn)
Jewellery
 d - a +4 ring of evasion
 f - a +4 ring of evasion (left hand)
 w - a ring of magical power (right hand)
 O - a ring of see invisible
 S - an amulet of guardian spirit (around neck)
 Y - a ring of poison resistance
Wands
 u - a wand of paralysis (6)
 z - a wand of iceblast (19)
 C - a wand of flame (38)
 D - a wand of digging (10)
 H - a wand of mindburst (4)
 K - a wand of charming (9)
 U - a wand of polymorph (9)
Scrolls
 g - 2 scrolls of enchant weapon
 i - a scroll of fear
 l - 4 scrolls of fog
 n - 5 scrolls of immolation
 q - a scroll of amnesia
 s - 6 scrolls of noise
 v - a scroll of vulnerability
 y - 2 scrolls of identify
 B - a scroll of enchant armour
 W - a scroll of magic mapping
 Z - a scroll of torment
Potions
 a - 5 potions of mutation
 j - 8 potions of brilliance
 k - a potion of ambrosia
 m - 2 potions of degeneration
 o - 3 potions of magic
 p - 4 potions of haste
 t - 4 potions of invisibility
 A - 4 potions of curing
 E - a potion of cancellation
 F - 2 potions of flight
 G - 4 potions of heal wounds
 J - a potion of resistance
 L - 2 potions of attraction
 N - 3 potions of lignification
 R - 2 potions of might
 X - a potion of berserk rage
Miscellaneous
 M - a phantom mirror
 P - a phial of floods
 Q - a tin of tremorstones (2/2)


   Skills:
 * Level 14.4 Fighting
 - Level 13.6(14.4) Long Blades
 - Level 2.9(3.7) Maces & Flails
 - Level 2.2(2.9) Polearms
 + Level 10.7 Dodging
 - Level 2.4 Stealth
 + Level 10.9 Shields
 - Level 0.8(1.3) Unarmed Combat
 + Level 10.8 Spellcasting
 + Level 12.4(13.6) Conjurations


You had 14 spell levels left.
You knew the following spells:

 Your Spells              Type           Power      Damage    Failure   Level
a - Magic Dart            Conj           100%       1d8       0%          1
b - Searing Ray           Conj           100%       2d8       1%          2
c - Fulminant Prism       Conj/Hex       25%        3d14      2%          4
d - Lightning Bolt        Conj/Air       25%        1d41      6%          5
e - Sticky Flame          Conj/Fire      51%        2d7       2%          4
f - Iron Shot             Conj/Erth      25%        9d5       34%         6

Your spell library contained the following spells:

 Spells                   Type           Power      Damage    Failure   Level
 Static Discharge         Conj/Air       51%        N/A       1%          2
 Dazzling Flash           Conj/Hex       100%       N/A       1%          3
 Mephitic Cloud           Conj/Pois/Air  39%        N/A       1%          3
 Stone Arrow              Conj/Erth      100%       3d13      1%          3
 Iskenderun's Mystic Bla  Conj/Tloc      51%        2d11      2%          4
 Sandblast                Erth           30%        2d9       3%          1
 Summon Small Mammal      Summ           56%        N/A       4%          1
 Blink                    Tloc           30%        N/A       5%          2
 Call Imp                 Summ           14%        N/A       6%          2
 Lesser Beckoning         Tloc           15%        N/A       11%         3
 Call Canine Familiar     Summ           14%        N/A       12%         3
 Ignite Poison            Fire/Tmut/Pois 14%        N/A       12%         3
 Inner Flame              Hex/Fire       15%        N/A       12%         3
 Summon Guardian Golem    Hex/Summ       15%        N/A       12%         3
 Freezing Cloud           Conj/Ice/Air   19%        6-21      16%         5
 Cause Fear               Hex            7%         N/A       36%         4
 Dispel Undead            Necr           14%        3d10      36%         4
 Passage of Golubria      Tloc           15%        N/A       36%         4
 Borgnjor's Vile Clutch   Necr/Erth      7%         N/A       71%         5
 Manifold Assault         Tloc           15%        N/A       71%         5
 Silence                  Hex/Air        7%         N/A       71%         5
 Blade Hands              Tmut           7%         N/A       73%         5
 Dispersal                Tloc           7%         N/A       99%         6
 Simulacrum               Ice/Necr       7%         N/A       99%         6
 Statue Form              Tmut/Erth      9%         N/A       99%         6
 Storm Form               Tmut/Air       7%         N/A       100%        7
 Discord                  Hex            7%         N/A       100%        8
 Disjunction              Tloc           7%         N/A       100%        8
 Lehudib's Crystal Spear  Conj/Erth      25%        10d7      100%        8
 Maxwell's Capacitive Co  Air            7%         ∞         100%        8
 Polar Vortex             Ice            7%         N/A       100%        9
 Animate Armour           Summ/Erth      Unusable   N/A       N/A         4

Dungeon Overview and Level Annotations

Branches:
Dungeon (15/15)            Temple (1/1) D:7            Lair (6/6) D:8
  Swamp (0/4) Lair:4        Snake (0/4) Lair:2        Slime (0/5) Lair:6
    Orc (2/2) D:10            Elf (2/3) Orc:2        Vaults (0/5) D:13
 Depths (0/4) D:15

Altars:
Ashenzari
Cheibriados
Dithmenos
Elyvilon
Fedhas
Gozag
Hepliaklqana
Kikubaaqudgha
Makhleb
Nemelex Xobeh
Okawaru
Qazlal
Ru
Sif Muna
Trog
Uskayaw
Vehumet
Wu Jian
Xom
Yredelemnul
Zin
The Shining One
Beogh

Shops:
Orc:2 (![[*!

Portals:
Hell: Lair:6

Annotations:
D:8 Maurice
Lair:3 3 runed translucent doors, weresquid's ghost, journeyman TeFE


Innate Abilities, Weirdness & Mutations

You can breathe blasts of fire.
Your fiery red scales are hard. (AC +9)
You cannot fit into any form of body armour.
Your flesh is heat resistant. (rF+)
You are cold-blooded and may be slowed by cold attacks.


Message History

Unknown command.
You slash the +4 hand axe of flaming!
The +4 hand axe of flaming is almost destroyed.
The +2 trident of protection completely misses you.
The +4 hand axe of flaming completely misses you.
The deep elf knight hits you with a +0 scimitar!
* * * LOW HITPOINT WARNING * * *
The +4 flail of holy wrath closely misses you.
You slash the +4 hand axe of flaming!
The +4 hand axe of flaming falls from the air.
The +2 trident of protection hits you but does no damage.
The +4 flail of holy wrath closely misses you.
You slice the deep elf knight!!
The deep elf knight is severely wounded.
The +2 flail of protection hits you!
* * * LOW HITPOINT WARNING * * *
The +2 trident of protection hits you but does no damage.
The deep elf knight completely misses you.
The deep elf zephyrmancer gestures wildly while chanting.
The deep elf zephyrmancer blinks!
Unknown command.
Unknown command.
You slice the deep elf knight!!
You kill the deep elf knight!
The +4 flail of holy wrath completely misses you.
The +2 trident of protection hits you from afar!
* * * LOW HITPOINT WARNING * * *
The +2 flail of protection hits you!
* * * LOW HITPOINT WARNING * * *
You feel much better. The +4 flail of holy wrath hits you.
* * * LOW HITPOINT WARNING * * *
The +2 trident of protection closely misses you.
The +2 flail of protection hits you!
* * * LOW HITPOINT WARNING * * *
The +4 flail of holy wrath hits you!
* * * LOW HITPOINT WARNING * * *
The +2 trident of protection hits you from afar!
* * * LOW HITPOINT WARNING * * *
The +2 flail of protection hits you!
You die...

#........#..#
..........#.
.......(...#
...........#
.........§§##
.....§§§§.#§#
#....§§(§#§§#
.#...§§@#§§.#
..#.§§(#§§§##
...#.§#§(§##
....##§§§##
... #§§.# ..
.#... . ..#..
....#..


You could see 3 dancing weapons.

Vanquished Creatures
  Gastronok (D:12)
  Roxanne (D:15)
  A deep elf sorcerer (Elf:1)
  An orc warlord (D:10)
  A quicksilver ooze (Lair:4)
  A dire elephant (Lair:6)
  A deep elf annihilator (Elf:1)
  Snorg (D:13)
  A boulder beetle (D:14)
  A fire dragon (D:14)
  9 hydras
  Erolcha (D:13)
  A vault guard (D:13)
  A centaur warrior (D:13)
  Erica (Lair:2)
  5 dancing weapons
  A two-headed ogre (D:12)
  9 orc high priests
  6 death yaks
  Sonja (D:13)
  7 skeletal warriors
  4 deep elf knights
  A sixfirhy (Lair:6)
  A flayed ghost (D:15)
  2 wizards
  2 necromancers
  2 golden dragon skeletons (D:15)
  11 deep elf zephyrmancers (Elf:1)
  4 deep elf archers (Elf:1)
  Pikel (D:8)
  An iron dragon zombie (D:15)
  An orange crystal statue (D:12)
  An orc knight (D:10)
  11 deep elf pyromancers
  5 ugly things (D:15)
  6 orc sorcerers
  2 oklob plants (Lair:6)
  3 cyclopes
  2 manticores
  Joseph (D:7)
  21 elephants
  5 black mambas
  3 orange demons (Lair:6)
  2 torpor snails
  An ice statue (D:10)
  8 cane toads
  A kobold demonologist (D:10)
  6 rime drakes
  10 komodo dragons
  A yaktaur (shapeshifter) (D:13)
  2 ice devils (Lair:6)
  3 yaktaurs (D:15)
  A red devil (Lair:6)
  A troll (shapeshifter) (D:13)
  A hellwing (Lair:6)
  3 polar bears
  7 trolls
  A hornet (D:8)
  6 blink frogs (Lair:6)
  14 slime creatures
  10 dream sheep
  Sigmund (D:4)
  An ettin skeleton (D:15)
  2 basilisks
  3 fire bats (Lair:4)
  A water elemental (Elf:1)
  9 wyverns
  2 shadows
  3 wraiths
  44 yaks
  10 vampire mosquitoes
  11 wargs
  3 steam dragons
  A naga (Lair:2)
  20 water moccasins
  4 acid dragons
  3 hell hounds (Lair:6)
  2 ice beasts
  2 sky beasts (D:6)
  18 orc warriors
  3 black bears
  8 ogres
  5 necrophages (Lair:3)
  23 wolves
  2 boggarts (Elf:1)
  2 centaurs (D:9)
  2 kobold brigands (D:9)
  Blork the orc (D:4)
  20 bullfrogs
  2 scorpions
  4 gnoll sergeants
  2 earth elementals (Elf:1)
  6 killer bees (D:11)
  4 wights (D:8)
  4 electric eels
  7 howler monkeys
  A crimson imp (D:6)
  5 lava snakes
  6 centaur zombies
  Crazy Yiuf (D:4)
  40 orc priests
  A bullfrog skeleton (D:6)
  3 hounds
  6 jellies
  A gnoll shaman (D:9)
  16 orc wizards
  A scorpion zombie (D:5)
  3 iguanas
  5 yak simulacra (Lair:5)
  Ijyb (D:3)
  2 polar bear simulacra (Lair:5)
  2 wolf simulacra (Lair:5)
  3 hound skeletons (D:4)
  A howler monkey skeleton (D:6)
  2 howler monkey zombies (D:9)
  7 adders
  28 gnolls
  2 white imps
  3 ufetubi
  An adder skeleton (D:4)
  2 worms
  A dart slug (D:5)
  93 orcs
  6 endoplasms
  5 giant cockroaches
  5 goblins
  6 hobgoblins
  11 jackals
  4 quokkas
  7 ball pythons
  7 bats
  A frilled lizard (D:3)
  6 kobolds
  4 rats
  A rat (shapeshifter) (D:15)
  2 river rat simulacra (Lair:5)
757 creatures vanquished.

Vanquished Creatures (others)
  A tengu conjurer (D:15)
  A fire elemental (Elf:1)
  An orc warrior (Elf:1)
  An orc wizard (D:2)
  A gnoll (D:9)
  51 fungi
  77 plants
  4 withered plants (D:15)
137 creatures vanquished.

Grand Total: 894 creatures vanquished

Notes
Turn   | Place    | Note
-------+----------+-------------------------------------------
     0 | D:1      | GreyFruit the Draconian Conjurer began the quest for the
                  | Orb.
     0 | D:1      | Reached XP level 1. HP: 14/14 MP: 3/3
   462 | D:1      | Reached XP level 2. HP: 16/20 MP: 0/5
  1265 | D:1      | Found a faded altar of an unknown god.
  1550 | D:2      | Reached XP level 3. HP: 26/26 MP: 1/6
  1733 | D:2      | Identified the +1 robe "Toise" {*Corrode rElec Slay+3}
  2123 | D:2      | Reached XP level 4. HP: 27/34 MP: 4/7
  2234 | D:1      | Reached skill level 1 in Fighting
  2433 | D:2      | Reached skill level 1 in Polearms
  2880 | D:3      | Reached skill level 5 in Conjurations
  2880 | D:3      | Reached XP level 5. HP: 24/40 MP: 3/9
  3076 | D:3      | Learned a level 2 spell: Searing Ray
  3092 | D:3      | Noticed a black bear
  3101 | D:3      | Found an ornate altar of the Wu Jian Council.
  3147 | D:3      | Noticed Ijyb
  3153 | D:3      | HP: 1/40 [Ijyb/+0 club (5)]
  3178 | D:3      | Killed Ijyb
  3459 | D:3      | Killed a black bear
  3460 | D:3      | Reached XP level 6. HP: 39/47 MP: 3/11
  4372 | D:4      | Reached skill level 2 in Fighting
  4372 | D:4      | Your scales start taking on a fiery red colour.
  4372 | D:4      | Reached XP level 7. HP: 50/55 MP: 3/12
  4372 | D:4      | Gained mutation: Your flesh is heat resistant. (rF+) [Red
                  | Draconian growth]
  4615 | D:4      | Noticed Blork the orc
  4627 | D:4      | Killed Blork the orc
  4802 | D:4      | Noticed Sigmund
  5006 | D:4      | Killed Sigmund
  5007 | D:4      | Reached skill level 1 in Maces & Flails
  5007 | D:4      | Reached skill level 1 in Shields
  5417 | D:4      | Found a runed translucent door.
  5418 | D:4      | Noticed Crazy Yiuf
  5433 | D:4      | Killed Crazy Yiuf
  5703 | D:5      | Entered Level 5 of the Dungeon
  5731 | D:5      | Reached skill level 3 in Fighting
  5946 | D:5      | Reached XP level 8. HP: 63/63 MP: 7/14
  6987 | D:6      | Identified the +10 falchion "Ticw" {speed, rC+ Str+4}
  7015 | D:6      | Reached skill level 4 in Fighting
  7078 | D:6      | Reached skill level 5 in Spellcasting
  7221 | D:6      | Noticed a komodo dragon
  7229 | D:6      | Killed a komodo dragon
  7230 | D:6      | Reached skill level 1 in Long Blades
  7230 | D:6      | Reached XP level 9. HP: 39/72 MP: 16/16
  7822 | D:7      | Reached skill level 5 in Dodging
  7911 | D:7      | Noticed Joseph
  7934 | D:7      | Killed Joseph
  8332 | D:7      | Found a staircase to the Ecumenical Temple.
  8338 | Temple   | Entered the Ecumenical Temple
  8354 | Temple   | Became a worshipper of Ashenzari the Shackled
  8609 | D:8      | Reached skill level 5 in Fighting
  8655 | D:8      | Noticed a six-headed hydra
  8784 | D:8      | Found a sacrificial altar of Ru.
  8812 | D:8      | Learned a level 4 spell: Fulminant Prism
  8818 | D:8      | Learned a level 5 spell: Lightning Bolt
  9118 | D:8      | Reached XP level 10. HP: 65/81 MP: 14/18
  9345 | D:8      | Noticed Pikel
  9359 | D:8      | Killed Pikel
  9360 | D:8      | Reached skill level 5 in Long Blades
  9774 | D:8      | Found a staircase to the Lair.
  9870 | D:8      | Identified a scroll of acquirement
  9876 | D:8      | Acquired the +0 cloak of Wu Jian's Whim {rC+ Regen+ rCorr}
 10117 | D:8      | Reached skill level 6 in Fighting
 10117 | D:8      | Reached skill level 5 in Shields
 10148 | D:8      | Noticed Maurice
 10257 | D:8      | Killed a six-headed hydra
 11722 | D:10     | Entered Level 10 of the Dungeon
 11820 | D:10     | Noticed an ice statue
 11855 | D:10     | Noticed a cyclops
 11872 | D:10     | Killed a cyclops
 11951 | D:10     | Reached XP level 11. HP: 63/91 MP: 19/21
 12087 | D:10     | Found a staircase to the Orcish Mines.
 12172 | D:10     | Found a snail-covered altar of Cheibriados.
 12175 | D:10     | Found a stormy altar of Qazlal.
 12616 | D:10     | Reached skill level 7 in Fighting
 13025 | D:10     | Identified the +6 trident "Onorr" {vorpal, Drain rPois
                  | Dex+4}
 13271 | D:11     | Noticed a cyan ugly thing
 14319 | D:12     | Noticed Gastronok
 14365 | D:12     | Killed Gastronok
 14935 | D:12     | Reached XP level 12. HP: 89/101 MP: 23/23
 14965 | D:12     | Reached skill level 8 in Fighting
 15013 | D:12     | Noticed a two-headed ogre
 15021 | D:12     | Killed a two-headed ogre
 15098 | D:12     | Found the +8 autumn katana {vorpal, manifold assault}
 15608 | D:13     | Noticed Erolcha
 15618 | D:13     | Killed Erolcha
 15640 | D:13     | Noticed Snorg
 15728 | D:13     | Killed Snorg
 15829 | D:13     | Noticed Sonja
 15864 | D:13     | Killed Sonja
 16191 | D:13     | Noticed a centaur warrior
 16217 | D:13     | Killed a centaur warrior
 16239 | D:13     | Found a gate to the Vaults.
 16239 | D:13     | Noticed a vault guard
 16256 | D:13     | Killed a vault guard
 16471 | D:13     | Learned a level 4 spell: Sticky Flame
 16495 | D:14     | Noticed a boulder beetle
 16744 | D:13     | Reached skill level 10 in Long Blades
 17061 | D:14     | Found an ancient bone altar of Kikubaaqudgha.
 17208 | D:14     | Reached skill level 9 in Fighting
 17266 | D:14     | Noticed a fire dragon
 17488 | D:15     | Entered Level 15 of the Dungeon
 17714 | D:14     | Killed a boulder beetle
 17715 | D:14     | Reached XP level 13. HP: 105/111 MP: 21/25
 17802 | Lair:1   | Entered Level 1 of the Lair of Beasts
 17920 | Lair:1   | Reached skill level 10 in Conjurations
 19418 | Lair:2   | Noticed Erica
 19428 | Lair:2   | Killed Erica
 20115 | Lair:2   | Found a staircase to the Snake Pit.
 20175 | Lair:2   | You fall into a shaft and drop 2 floors!
 21217 | Lair:4   | Found a staircase to the Swamp.
 21537 | Lair:4   | Noticed a quicksilver ooze
 21541 | Lair:4   | Killed a quicksilver ooze
 22045 | Lair:3   | Noticed weresquid's ghost (journeyman TeFE)
 22089 | Lair:3   | Reached XP level 14. HP: 101/119 MP: 18/26
 22210 | Lair:3   | Reached skill level 10 in Fighting
 22389 | Lair:3   | Found a runed translucent gate.
 22389 | Lair:3   | Found a runed translucent gate.
 22389 | Lair:3   | Found a runed translucent gate.
 24896 | Lair:6   | Entered Level 6 of the Lair of Beasts
 24903 | Lair:6   | Reached skill level 11 in Fighting
 24918 | Lair:6   | Found a gate leading to a gauntlet.
 25582 | Lair:6   | Found a burning altar of Makhleb.
 25798 | Lair:6   | Found a gateway to Hell.
 26056 | Lair:6   | Found a staircase to the Slime Pits.
 26274 | Lair:6   | Reached skill level 12 in Fighting
 26671 | Lair:6   | Reached XP level 15. HP: 133/133 MP: 28/28
 27368 | Orc:1    | Entered Level 1 of the Orcish Mines
 27532 | Orc:1    | Found a bloodstained altar of Trog.
 27873 | Orc:2    | Entered Level 2 of the Orcish Mines
 28035 | Orc:2    | Reached skill level 10 in Spellcasting
 28245 | Orc:2    | Noticed an orc warlord
 28271 | Orc:2    | Found Ibaets's Distillery.
 28282 | Orc:2    | Found Geelown's Armour Shop.
 28282 | Orc:2    | Found Tuettewk's Armour Emporium.
 28446 | Orc:2    | Reached skill level 10 in Shields
 28468 | Orc:2    | Paralysed by an orc sorcerer for 5 turns
 28729 | D:10     | Killed an orc warlord
 29253 | Orc:2    | Reached skill level 10 in Dodging
 29343 | Orc:2    | Found Xoyheemp's Distillery.
 29343 | Orc:2    | Found Bargh's Antique Weapon Emporium.
 29349 | Orc:2    | Bought 2 potions of heal wounds for 120 gold pieces
 29349 | Orc:2    | Bought a potion of mutation for 96 gold pieces
 29406 | Orc:2    | Found Neph's Gadget Gallery.
 29490 | Orc:2    | Reached * piety under Ashenzari
 29699 | Orc:2    | Bought the +1 cloak of Starlight {*Dazzle EV+4 Stlth--} for
                  | 488 gold pieces
 29699 | Orc:2    | Found the +1 cloak of Starlight {*Dazzle EV+4 Stlth--}
 29755 | Orc:2    | Found a staircase to the Elven Halls.
 30736 | D:14     | Reached skill level 13 in Fighting
 31230 | D:15     | Found a staircase to the Depths.
 31791 | D:15     | Identified Roxanne's Almanac of Stones
 31791 | D:15     | Noticed Roxanne
 33048 | D:15     | Killed Roxanne
 33476 | Elf:1    | Entered Level 1 of the Elven Halls
 34604 | Elf:1    | Reached skill level 14 in Fighting
 34932 | Elf:1    | Noticed a deep elf sorcerer
 34945 | Elf:1    | Cast into level 2 of the Abyss (a deep elf sorcerer)
 34954 | Elf:1    | Escaped the Abyss
 34961 | Elf:1    | Killed a deep elf sorcerer
 35679 | Elf:1    | Reached XP level 16. HP: 141/145 MP: 30/30
 35766 | Elf:1    | Learned a level 6 spell: Iron Shot
 36344 | Elf:2    | HP: 4/147 [+2 trident of protection (13)]
 36344 | Elf:2    | Mangled by a +2 flail of protection

Illustrated notes

Levels and vault maps discovered:
D:1:      minmay_arrival_four_loops, layout_loops_ring,
          chequers_ecumenical_altar_simple, chequers_serial_rivers_micro_c,
          nrook_mini_vaults
D:2:      minmay_spotlight, layout_loops_ring
D:3:      layout_basic, lemuel_doored_altar, bh_walls_and_bars, uniq_ijyb
D:4:      layout_basic, uniq_blork_the_orc, uniq_crazy_yiuf_cottage,
          uniq_sigmund
D:5:      layout_basic, minivault_1
D:6:      layout_cave_pools, minmay_fire_ice_demons
D:7:      layout_rooms, minmay_temple_entry_gardened_gates, uniq_joseph
D:8:      layout_rooms, nicolae_ru_sacrificial_ziggurat,
          minmay_lair_entry_grove, serial_bayou_pond_b, uniq_pikel, uniq_maurice
D:9:      layout_basic, minmay_between
D:10:     layout_irregular_city, mainiacjoe_overflow_big_doors, erik_orc_4,
          minivault_16, kennysheep_generic_room_2
D:11:     layout_basic
D:12:     layout_irregular_city, kennysheep_decorative_pillar, st_stairs_11,
          minmay_protected_statue, uniq_gastronok
D:13:     layout_cave_pools, david_vaults_5, uniq_erolcha, uniq_sonja,
          uniq_snorg
D:14:     layout_roguey, nicolae_kikubaaqudgha_miasma_corner
D:15:     gammafunk_depths_entry_grave, layout_layer_cave,
          minmay_misc_feat_tiny, uniq_roxanne
Temple:   nicolae_temple_no_exploring_needed
Lair:1:   layout_layer_cave, nicolae_quartered_pool_medium, serial_bayou_shore_b
Lair:2:   layout_cave_pods, guppyfry_snake_entry_garden,
          nicolae_lair_liquid_snakes, uniq_erica
Lair:3:   layout_long_grid, gammafunk_ghost_icy, roderic_carrion_pond,
          lemuel_fruit_tree
Lair:4:   layout_loops_ring, minmay_swamp_entry_swarm,
          nicolae_volcano_entry_batcave, nicolae_lair_time_for_slime
Lair:5:   layout_layer_cave, eino_house_with_fridge, grunt_megastairs_2,
          infiniplex_staircase_pool_2, lemuel_fruit_fields
Lair:6:   evil_forest, layout_loops_ring, minmay_slime_entry_oklob_enclosed,
          gauntlet_entry_generic, patterned_corridor
Orc:1:    layout_diamond_mine, basic_altar, serial_shops, shop
Orc:2:    st_orc_town, layout_caves, serial_shops, shop, basic_altar,
          nicolae_shop_gadgets
Elf:1:    nicolae_elf_arrival_no_cutting_in_line, layout_loops_corners,
          hangedman_elf_disciples, billiards_dpeg
Elf:2:    nicolae_elf_blades_splatter_lattice
          [nicolae_blade_entry_area_security], layout_rooms, serial_shops,
          nicolae_shop_trees, uniq_nikola

Skill      XL: |  1  2  3  4  5  6  7  8  9 10 11 12 13 14 15 |
---------------+----------------------------------------------+-----
Dodging        | 2 3 4 5 6 7 8 9 10 | 10.7
Fighting       | 1 2 3 4 5 6 7 9 12 14 | 14.4
Stealth        | 2 |  2.4
Polearms       | 1 2 |  2.2
Conjurations   | 5 6 7 8 9 10 11 12 | 12.4
Spellcasting   | 3 4 5 6 7 8 9 10 | 10.8
Maces & Flails | 2 |  2.9
Shields        | 1 3 4 5 6 8 9 10 | 10.9
Long Blades    | 1 4 6 8 10 13 | 13.6
Unarmed Combat | |  0.8

Action                   |  1- 3 |  4- 6 |  7- 9 | 10-12 | 13-15 | 16-18 || total
-------------------------+-------+-------+-------+-------+-------+-------++-------
Melee: Unarmed           |    26 |       |       |       |       |       ||    26
       Halberd           |    26 |    40 |       |       |       |       ||    66
       Tailslap          |     8 |     5 |     5 |    79 |   245 |     3 ||   345
       Flail             |       |       |     5 |       |       |       ||     5
       Whip              |       |       |    16 |       |       |       ||    16
       Falchion          |       |       |    28 |   388 |       |       ||   416
       Punch             |       |       |       |    10 |    38 |       ||    48
       Katana            |       |       |       |    82 |  1579 |    56 ||  1717
 Cast: Magic Dart        |    70 |   100 |   152 |   279 |   707 |     7 ||  1315
       Searing Ray       |       |     6 |    33 |    67 |    44 |       ||   150
       Lightning Bolt    |       |       |       |       |     3 |    18 ||    21
Invok: Curse Item        |       |       |       |     1 |     3 |       ||     4
       Shatter the Chain |       |       |       |     1 |     1 |       ||     2
 Abil: Breathe Fire      |       |       |     6 |    41 |    31 |     2 ||    80
Evoke: Wand              |       |       |       |     1 |     3 |       ||     4
  Use: Potion            |       |     2 |       |     3 |     1 |     3 ||     9
       Scroll            |       |       |     2 |    18 |    19 |     3 ||    42
 Stab: Sleeping          |       |       |       |     1 |     1 |       ||     2
       Invisible         |       |       |       |       |     4 |     1 ||     5
Armor: Skin              |    28 |    22 |    23 |   171 |   317 |     9 ||   570
Dodge: Dodged            |    50 |   102 |    69 |   497 |  1029 |    58 ||  1805
Block: Tower shield      |       |       |     3 |       |       |       ||     3
